Map: Apotheosis LE

Players

Fropez

  • Race: Protoss Protoss
  • League: Gold
  • Spawn Location: 11:00

Professor - Winner!

  • Race: Zerg Zerg
  • League: Platinum
  • Spawn Location: 5:00

VOD

Have the link to the VOD?

Description

Time

  • Played on: Nov. 4, 2016, 2:41 p.m.
  • Length: 17:46
Show
View Real Time Build Order
Export as new Build Order

Fropez Protoss 

Build Orders:  

Get SALT Encoding   

  12  0:01  Probe (Chrono Boost)  
  13  0:12  Probe (Chrono Boost)  
  14  0:18  Pylon  
  14  0:31  Probe (Chrono Boost)  
  15  0:36  Gateway  
  15  0:41  Probe (Chrono Boost), Gateway  
  16  0:50  Assimilator  
  16  1:00  Probe (Chrono Boost)  
  17  1:05  Gateway  
  17  1:10  Probe (Chrono Boost)  
  18  1:21  Probe (Chrono Boost)  
  19  1:31  Probe (Chrono Boost)  
  20  1:34  Cybernetics Core  
  20  1:36  Assimilator  
  20  1:42  Probe (Chrono Boost)  
  21  1:53  Probe (Chrono Boost)  
  22  2:03  Probe (Chrono Boost)  
  23  2:23  Pylon  
  23  2:25  Pylon  
  23  2:32  Warp Gate (Chrono Boost)  
  23  2:39  Pylon  
  23  2:41  Adept x2, Mothership Core  
  23  2:42  Gateway  
  29  3:03  Probe  
  33  3:14  Adept x2  
  33  3:15  Probe  
  34  3:26  Nexus  
  34  3:33  Gateway  
  34  3:41  Gateway  
  34  3:50  Gateway  
  34  4:01  Twilight Council  
  34  4:06  Probe  
  35  4:18  Probe  
  36  4:30  Probe  
  37  4:40  Pylon  
  37  4:42  Probe  
  37  4:45  Resonating Glaives (Chrono Boost), Pylon  
  38  4:46  Probe  
  39  4:53  Pylon  
  38  5:14  Gateway  
  38  5:19  Assimilator  
  38  5:21  Assimilator  
  38  5:25  Pylon, Probe  
  38  5:26  Probe  
  40  5:39  Probe  
  40  5:40  Probe  
  42  5:52  Probe  
  42  5:55  Probe  
  44  6:07  Probe  
  44  6:08  Probe  
  44  6:09  Robotics Facility  
  46  6:11  Dark Shrine  
  46  6:17  Probe  
  46  6:21  Adept  
  46  6:22  Adept x2  
  53  6:30  Probe  
  53  6:31  Probe  
  55  6:41  Probe  
  55  6:44  Probe  
  57  6:50  Adept x5  
  67  6:55  Probe  
  67  6:56  Probe  
  69  7:21  Immortal  
  67  7:28  Charge (Chrono Boost)  
  67  7:29  Dark Templar x4  
  75  7:44  Probe x2  
  77  8:03  Forge  
  77  8:08  Robotics Facility  
  77  8:10  Dark Templar x2  
  77  8:11  Dark Templar x2  
  77  8:31  Immortal  
  77  8:33  Probe  
  81  8:35  Probe  
  83  8:45  Nexus  
  83  8:48  Pylon  
  83  8:50  Pylon  
  83  8:54  Photon Cannon  
  83  8:56  Photon Cannon  
  83  9:00  Pylon, Probe  
  84  9:04  Sentry  
  84  9:06  Sentry x2  
  84  9:07  Sentry  
  92  9:19  Probe  
  92  9:20  Probe  
  94  9:25  Immortal x2  
  84  9:45  Stalker x2  
  86  9:46  Stalker x3  
  88  9:54  Dark Templar  
  68  10:09  Dark Templar  
  68  10:13  Probe  
  66  10:14  Probe  
  68  10:35  Pylon  
  68  10:39  Pylon  
  68  10:42  Pylon, Dark Templar  
  70  10:43  Dark Templar x4  
  78  10:51  Immortal  
  82  11:04  Assimilator  
  82  11:07  Assimilator  
  82  11:11  Probe  
  82  11:13  Probe  
  84  11:19  Immortal  
  84  11:22  Zealot x6  
  100  11:31  Immortal  
  104  11:34  Pylon, Photon Cannon  
  99  11:50  Zealot x2  
  99  11:51  Zealot x4  
  71  12:11  Mothership Core  
  69  12:28  Adept  
  69  12:29  Adept x3  
  77  12:33  Zealot  
  77  12:34  Zealot  
  73  12:39  Zealot x2  
  69  13:21  Probe  
  69  13:22  Probe  
  71  13:31  Pylon  
  71  13:35  Pylon, Dark Templar x3  
  77  14:01  Photon Cannon  
  77  14:05  Photon Cannon  
  77  14:07  Zealot x2  
  77  14:08  Photon Cannon, Zealot  
  77  14:09  Zealot x2  
  83  14:27  Pylon  
  83  14:35  Stalker x4  
  91  14:40  Photon Cannon  
  91  14:45  Archon  
  91  14:47  Stalker x2  
  95  14:59  Stalker x2  
  99  15:07  Dark Templar  
  101  15:17  Stalker  
  103  15:37  Dark Templar x2  
  103  15:40  Archon  
  105  15:59  Dark Templar x2  
  105  16:03  Archon  
  103  16:36  Dark Templar x2  
  107  16:40  Archon  
  93  17:01  Dark Templar x2  
  97  17:05  Archon  
  97  17:33  Templar Archives  
Show
View Real Time Build Order
Export as new Build Order

Professor Zerg - Winner!

Build Orders: Pool First 

Get SALT Encoding   

  12  0:01  Drone  
  13  0:10  Drone  
  14  0:19  Overlord  
  14  0:35  Spawning Pool  
  14  0:37  Drone  
  14  0:41  Drone  
  15  0:46  Drone  
  16  0:50  Drone  
  17  1:00  Drone  
  18  1:06  Extractor  
  17  1:20  Hatchery  
  16  1:27  Queen  
  16  1:31  Zergling x2  
  19  1:37  Zergling x4  
  21  1:43  Zergling x2  
  22  1:54  Overlord  
  22  2:07  Overlord  
  22  2:18  Drone  
  23  2:31  Drone  
  23  2:32  Queen  
  23  2:34  Drone  
  27  2:39  Drone x2  
  27  2:40  Drone  
  27  2:43  Extractor  
  29  2:50  Roach Warren  
  28  2:52  Drone  
  28  2:56  Drone  
  30  3:11  Drone x2  
  30  3:12  Drone  
  33  3:15  Drone x3  
  36  3:20  Metabolic Boost  
  36  3:32  Lair  
  36  3:35  Drone x2  
  36  3:38  Drone  
  36  3:40  Drone  
  40  3:42  Drone  
  41  3:49  Drone x2  
  41  3:54  Drone  
  44  4:02  Overlord x2  
  44  4:03  Overlord  
  44  4:14  Extractor x2  
  42  4:24  Evolution Chamber  
  42  4:25  Evolution Chamber  
  40  4:32  Glial Reconstitution  
  40  4:34  Queen  
  40  4:35  Queen  
  40  4:36  Hydralisk Den  
  43  4:39  Drone x3  
  43  4:40  Drone  
  43  5:11  Zerg Missile Weapons Level 1  
  43  5:13  Zerg Ground Armor Level 1  
  43  5:17  Drone x3  
  43  5:19  Drone x3  
  43  5:20  Hydralisk, Roach  
  43  5:21  Hydralisk, Roach  
  55  5:22  Hydralisk  
  55  5:23  Roach  
  62  5:35  Drone x2  
  63  5:45  Hatchery, Muscular Augments  
  63  5:47  Extractor  
  63  5:48  Drone x2  
  63  5:49  Extractor, Drone  
  63  5:50  Drone  
  63  5:53  Drone  
  63  5:55  Drone  
  66  6:18  Spore Crawler  
  65  6:26  Spore Crawler  
  65  6:30  Hydralisk, Roach  
  65  6:32  Overlord x3  
  68  6:33  Overlord x4  
  68  6:34  Overlord  
  68  7:07  Zerg Missile Weapons Level 2  
  68  7:27  Zerg Ground Armor Level 2  
  68  7:34  Drone x4  
  68  7:35  Drone x3  
  68  7:36  Drone x3  
  68  7:37  Drone x2  
  79  7:38  Drone x3  
  79  7:39  Drone x2  
  79  7:40  Drone  
  86  7:47  Hydralisk  
  86  7:48  Hydralisk x2, Roach x2  
  86  7:49  Roach  
  98  8:10  Overseer  
  92  8:44  Hydralisk x3, Roach x2  
  92  8:45  Roach  
  104  8:51  Infestation Pit  
  103  9:03  Spire  
  103  9:05  Spore Crawler  
  101  9:12  Spore Crawler  
  100  9:20  Pneumatized Carapace  
  100  9:21  Burrow  
  90  9:58  Hydralisk x3, Roach  
  90  9:59  Hydralisk x5, Roach x4  
  104  10:00  Hydralisk x4, Roach x4  
  104  10:01  Roach x4  
  110  10:15  Hive  
  110  10:17  Zerg Flyer Weapons Level 1  
  110  10:19  Overseer x3  
  110  10:32  Overseer  
  110  10:40  Zerg Melee Weapons Level 1  
  90  12:14  Hydralisk x5, Roach x2  
  90  12:15  Hydralisk x4, Roach x4  
  112  12:16  Hydralisk, Roach x5  
  106  12:47  Zerg Flyer Weapons Level 2  
  106  12:49  Zerg Missile Weapons Level 3  
  106  12:50  Zerg Ground Armor Level 3  
  104  13:36  Extractor  
  104  13:38  Extractor  
  99  14:25  Extractor  
  99  14:26  Hatchery  
  97  14:32  Spore Crawler  
  97  14:35  Queen  
  97  14:36  Spore Crawler  
  97  14:38  Spore Crawler x2  
  96  14:43  Spore Crawler  
  96  14:45  Spine Crawler  
  93  14:50  Spine Crawler  
  92  15:11  Hydralisk x4, Roach  
  92  15:12  Hydralisk x4, Roach x5  
  92  15:13  Hydralisk, Roach x4  
  130  15:24  Overlord x4  
  130  15:25  Overlord x7  
  130  16:05  Queen  
  130  16:28  Corruptor x7  
  130  16:29  Corruptor x4  
  152  16:36  Hydralisk x20  
  152  16:40  Roach x11  
  152  16:41  Roach x6  
  142  17:23  Roach x4  
  142  17:24  Roach x4  
  142  17:25  Roach x2  
Tags
 
Matchup
PvZ
Opening
Pool First
Replay Pack
All Mines
Spawn Locations
Cross Positions
Add a new tag
Caveats
  • Supply blocks, unpowered buildings, or Contaminate may cause inaccurate times.
  • Supply counts are checked every 10 seconds.